 Dungeon Crawl Stone Soup version 0.32-a0-473-gd044c6f0f0 (webtiles) character file.

Game seed: 8142285151975918663

62 runemasterragnar the Slasher (level 4, -4/34 HPs)
             Began as a Coglin Gladiator on Feb 26, 2024.
             Slain by a gnoll
             ... wielding a +0 flail
              (8 damage)
             ... on level 2 of the Dungeon.
             The game lasted 00:02:05 (1803 turns).

runemasterragnar the Slasher (Coglin Gladiator)     Turns: 1803, Time: 00:02:06

Health: -4/34      AC:  4    Str: 16    XL:     4   Next: 8%
Magic:  4/4        EV: 12    Int:  7    God:
Gold:   85         SH:  0    Dex: 16    Spells: 3/3 levels left

rFire   . . .        a - +0 long sword {Tejnoor}
rCold   . . .        (no shield)
rNeg    . . .        b - +0 leather armour
rPois   .            c - +0 helmet
rElec   .            (no cloak)
rCorr   .            (no gloves)
SInv    .            (no boots)
Will    .....        (no amulet)
Stlth   +            (ring unavailable)
HPRegen 0.25/turn    (ring unavailable)
MPRegen 0.09/turn

%: no passive effects
@: revved
A: off-hand wielding, slow wielding, warmup strikes, no rings
a: no special abilities


You were on level 2 of the Dungeon.
You visited 1 branch of the dungeon, and saw 2 of its levels.

You collected 191 gold pieces.
You spent 106 gold pieces at shops.

Inventory:

Hand Weapons
 a - a +0 long sword (weapon) {Tejnoor}
Missiles
 d - 3 throwing nets (quivered)
 e - 7 javelins
Armour
 b - a +0 leather armour (worn)
 c - a +0 helmet (worn)
Wands
 j - a wand of flame (13)
Scrolls
 f - 3 scrolls of identify
 h - 3 scrolls of teleportation
 k - a scroll of enchant armour
 l - a scroll of brand weapon
 m - a scroll of noise
Potions
 g - 2 potions of enlightenment
 i - a potion of might


   Skills:
 + Level 2.9 Fighting
 * Level 4.3 Long Blades
 - Level 1.7 Throwing
 - Level 2.6 Dodging


You had 3 spell levels left.
You didn't know any spells.
Your spell library was empty.

Dungeon Overview and Level Annotations

Branches:
Dungeon (2/15)

Altars:

Shops:
D:1 *   D:2 ?[=


Innate Abilities, Weirdness & Mutations

You can wield a second weapon in your off-hand.
It takes a long time for you to wield or remove held weapons.
Your first few attacks do less damage.
Your grasper-arms cannot wear rings.


Message History

As you read the scroll of identify, it crumbles to dust.
k - a scroll of enchant armour
As you read the scroll of identify, it crumbles to dust.
l - a scroll of brand weapon
m - a scroll of noise Thank you for shopping at Udafeywy's Magic Scroll Shoppe!
Okay, then.
There is a dry fountain here.
There is an open door here.
You see here a +0 helmet.
There is an open door here.
A gnoll comes into view. It is wielding a +0 flail.
The gnoll shouts!
You hear a shout! x2
A gnoll is nearby!
A gnoll is nearby!
You hit the gnoll.
The gnoll is lightly wounded.
The gnoll completely misses you.
A gnoll comes into view. It is wielding a +0 club.
You slash the gnoll!
The gnoll is almost dead.
The gnoll hits you with a +0 flail.
You hit the gnoll but do no damage.
The gnoll is almost dead.
You slash the gnoll!
The gnoll is heavily wounded.
The gnoll barely misses you. The gnoll hits you with a +0 flail!
You hit the gnoll.
The gnoll is almost dead.
The gnoll closely misses you. The gnoll hits you with a +0 flail!
* * * LOW HITPOINT WARNING * * *
The gnoll hits you with a +0 flail.
* * * LOW HITPOINT WARNING * * *
The gnoll hits you with a +0 club.
* * * LOW HITPOINT WARNING * * *
Okay, then.
You barely miss the gnoll.
The gnoll is almost dead.
The gnoll hits you with a +0 flail!
You die...

......############.#
####'#........ #.#
#.#.######. #.#
#.#.#...<# #.#
#.#)#....# #.#
#.#.####.# ####.#
#.#......# ..#.#
#.###########g#.#
#...........g@#.#
##################.#
......)............#
####################


You could see 2 gnolls.

Vanquished Creatures
  2 adders (D:2)
  A ribbon worm (D:2)
  A dart slug (D:2)
  An endoplasm (D:2)
  A giant cockroach (D:1)
  4 goblins
  6 hobgoblins
  5 quokkas
  4 ball pythons
  4 bats
  3 frilled lizards
  3 kobolds
  4 rats
39 creatures vanquished.

Notes
Turn   | Place    | Note
-------+----------+-------------------------------------------
     0 | D:1      | runemasterragnar the Coglin Gladiator began the quest for
                  | the Orb.
     0 | D:1      | Reached XP level 1. HP: 16/16 MP: 1/1
   265 | D:1      | Reached XP level 2. HP: 16/22 MP: 2/2
   346 | D:1      | Found Dydaet's General Store.
   358 | D:1      | Bought a scroll of teleportation for 30 gold pieces
   358 | D:1      | Bought a potion of might for 40 gold pieces
   903 | D:2      | Reached XP level 3. HP: 27/28 MP: 3/3
  1030 | D:2      | Reached skill level 4 in Long Blades
  1363 | D:2      | Reached XP level 4. HP: 30/34 MP: 4/4
  1591 | D:2      | Found Datikez's Antique Armour Shop.
  1597 | D:2      | Found Xoadi's Jewellery Shop.
  1658 | D:2      | Found Udafeywy's Magic Scroll Shoppe.
  1667 | D:2      | Bought a scroll of identify for 24 gold pieces
  1669 | D:2      | Bought a scroll of noise for 12 gold pieces
  1803 | D:2      | Slain by a gnoll

Illustrated notes

Levels and vault maps discovered:
D:1:      co_arrival_two_rings, layout_basic, serial_shops, shop,
          chequers_serial_rivers_small_b
D:2:      wad_river_or_something, layout_basic, serial_shops,
          nicolae_shop_temple_entry_statues_fountains,
          nicolae_shop_hallway_stairs, nicolae_shop_gaudy_bauble, minivault_5,
          chequers_garden

Skill      XL: |  1  2  3 |
---------------+----------+-----
Long Blades    | 4 |  4.3
Fighting       | |  2.9
Throwing       | |  1.7
Dodging        | |  2.6

Action                     |  1- 3 |  4- 6 || total
---------------------------+-------+-------++-------
  Melee: Long sword        |   131 |    12 ||   143
    Use: Scroll            |     1 |     2 ||     3
   Stab: Sleeping          |     3 |       ||     3
 Armour: Leather armour    |    86 |    10 ||    96
  Dodge: Dodged            |    89 |     4 ||    93

Table legend: (Time is in decaauts)
 A = Elapsed time spent in this place.
 B = Non-inter-level travel time spent in this place.
 C = Inter-level travel time spent in this place.
 D = Time resting spent in this place.
 E = Time spent auto-exploring this place.
 F = Levels seen in this place.
 G = Mean time per level.
                   A        B        C        D        E       F      G
               +--------+--------+--------+--------+--------+-----+--------+
         Total |   1836 |   1819 |     17 |      0 |   1503 |   2 |  918.0 |
       Dungeon |   1836 |   1819 |     17 |      0 |   1503 |   2 |  918.0 |
               +--------+--------+--------+--------+--------+-----+--------+

Top non-repeatable levels by time:
     D:2: 1127 daAuts
     D:1: 708 daAuts
